 Dungeon Crawl Stone Soup version 0.23-a0-673-g3803c42f16 (webtiles) character file.

193 MirrMurr the Charmwright (level 5, 0/43 HPs)
             Began as a Gnoll Skald on Jan 9, 2019.
             Succumbed to a wight's poison
             ... on level 3 of the Dungeon.
             The game lasted 00:04:11 (1718 turns).

MirrMurr the Charmwright (Gnoll Skald)              Turns: 1718, Time: 00:04:12

Health: 0/43       AC:  4    Str: 14    XL:     5   Next: 72%
Magic:  9/12       EV: 13    Int: 16    God:
Gold:   69         SH:  0    Dex: 14    Spells: 5/14 levels left

rFire    . . .     SeeInvis .   a - +0 spear (freeze)
rCold    . . .     Gourm    .   (no shield)
rNeg     . . .     Faith    .   b - +0 leather armour
rPois    .         Spirit   .   t - +0 helmet
rElec    .         Reflect  .   (no cloak)
rCorr    .         Harm     .   (no gloves)
MR       .....                  (no boots)
Stlth    +.........             (no amulet)
HPRegen  0.14/turn              (no ring)
MPRegen  0.13/turn              (no ring)

@: lethally poisoned (0 -> -2), heavily drained
A: distributed training, fangs 1, strong nose
a: no special abilities


You were on level 3 of the Dungeon.
You were not hungry.

You visited 1 branch of the dungeon, and saw 3 of its levels.

You collected 69 gold pieces.

Inventory:

Hand Weapons
 a - a +0 spear of freezing (weapon)
 p - a +0 dagger of speed
Missiles
 e - 74 stones (quivered)
 f - 25 poisoned needles
 k - 33 bolts
 n - 35 sling bullets
 s - 4 needles of sleeping
Armour
 b - a +0 leather armour (worn)
 t - a +0 helmet (worn)
Jewellery
 w - an uncursed ring of resist corrosion {unknown}
Scrolls
 g - a scroll of teleportation {unknown}
 h - a scroll of magic mapping {unknown}
 m - a scroll of fog {unknown}
 o - a scroll of amnesia
 v - a scroll of fear {unknown}
 x - a scroll of remove curse {unknown}
Potions
 i - a potion of brilliance
 j - a potion of lignification {unknown}
 l - a potion of ambrosia {unknown}
 q - a potion of berserk rage {unknown}
 r - a potion of magic {unknown}
 u - a potion of curing
Comestibles
 c - 3 rations
 d - 5 chunks of flesh


   Skills:
 + Level 4.8(3.6) Fighting
 + Level 1.6(0.5) Short Blades
 + Level 1.6(0.5) Long Blades
 + Level 1.6(0.5) Axes
 + Level 1.6(0.5) Maces & Flails
 + Level 4.8(3.6) Polearms
 + Level 1.6(0.5) Staves
 + Level 1.6(0.5) Slings
 + Level 1.6(0.5) Bows
 + Level 1.6(0.5) Crossbows
 + Level 1.6(0.5) Throwing
 + Level 3.0(1.9) Armour
 + Level 4.8(3.6) Dodging
 + Level 1.6(0.5) Stealth
 + Level 1.6(0.5) Shields
 + Level 1.6(0.5) Unarmed Combat
 + Level 5.2(4.0) Spellcasting
 + Level 1.2(0.2) Conjurations
 + Level 1.2(0.2) Hexes
 + Level 5.5(4.3) Charms
 + Level 1.2(0.2) Summonings
 + Level 1.2(0.2) Necromancy
 + Level 1.2(0.2) Translocations
 + Level 1.2(0.2) Transmutations
 + Level 1.2(0.2) Fire Magic
 + Level 1.2(0.2) Ice Magic
 + Level 1.2(0.2) Air Magic
 + Level 1.2(0.2) Earth Magic
 + Level 1.2(0.2) Poison Magic
 + Level 1.8(0.7) Invocations
 + Level 1.6(0.5) Evocations


You had 5 spell levels left.
You knew the following spells:

 Your Spells              Type           Power        Failure   Level  Hunger
a - Infusion              Chrm           ###.         3%          1    None
b - Spectral Weapon       Hex/Chrm       ##......     24%         3    ###....
g - Shroud of Golubria    Chrm/Tloc      ##........   12%         2    ##.....
r - Regeneration          Chrm/Necr      ##........   24%         3    ###....

Your spell library contained the following spells:

 Spells                   Type           Power        Failure   Level  Hunger
 Song of Slaying          Chrm           ###.....     5%          2    ##.....


Dungeon Overview and Level Annotations

Branches:
Dungeon (3/15)

Altars:
Elyvilon
Nemelex Xobeh


Innate Abilities, Weirdness & Mutations

Your experience applies equally to all skills.
You have very sharp teeth.
Your uncanny sense of smell can sniff out nearby items.


Message History

You feel drained.
* * * LOW HITPOINT WARNING * * *
You hit the wight but do no damage.
The wight is moderately damaged.
Your spectral weapon closely misses the wight.
The wight barely misses you. x2
You hit the wight but do no damage. Your bite misses the wight.
The wight is moderately damaged.
You feel sick.
Your spectral weapon hits the wight from afar.
The wight hits you from afar with a +0 spear.
* * * LOW HITPOINT WARNING * * *
You feel drained. The wight hits you with a +0 mace.
* * * LOW HITPOINT WARNING * * *
You feel drained.
The wight hits your spectral weapon but does no damage.
The wight hits your spectral weapon with a +0 mace.
Your spectral weapon shares its damage with you!
You die...

............## #......
..............# #.##...
..............# . #...
..........!...##.# ##...
.......zz(.......###....
..............#.........
..............#.###.....
................# #.....
#......@....#.### #.....
#####.$.......# #.....
##.###.##)#####.....
#.#............#...
#.<.####.##.....### ..##
#.##.###)#.. ..
#.##.###...# #.#
#..#.#......
##...#......


You could see 2 wights and a friendly spectral +0 spear of freezing.

Vanquished Creatures
  A wight (D:3)
  Jessica (D:2)
  6 adders
  An ooze (D:2)
  A worm (D:3)
  3 dart slugs
  A leopard gecko (D:1)
  An orc (D:3)
  2 ball pythons (D:2)
  4 giant cockroaches
  5 goblins
  8 hobgoblins
  A quokka (D:2)
  10 bats
  2 frilled lizards (D:2)
  4 kobolds
  11 rats
62 creatures vanquished.

Notes
Turn   | Place    | Note
-------+----------+-------------------------------------------
     0 | D:1      | MirrMurr the Gnoll Skald began the quest for the Orb.
     0 | D:1      | Reached XP level 1. HP: 20/20 MP: 6/6
   231 | D:1      | Reached XP level 2. HP: 25/26 MP: 7/7
   235 | D:1      | Learned a level 2 spell: Shroud of Golubria
   483 | D:1      | Reached XP level 3. HP: 31/31 MP: 5/9
   488 | D:1      | Learned a level 3 spell: Spectral Weapon
   492 | D:1      | Learned a level 3 spell: Regeneration
   610 | D:1      | Reached skill level 5 in Spellcasting
   932 | D:2      | Found a white marble altar of Elyvilon.
  1038 | D:2      | Reached skill level 1 in Invocations
  1068 | D:2      | Found a sparkling altar of Nemelex Xobeh.
  1068 | D:2      | Noticed Jessica
  1075 | D:2      | Killed Jessica
  1075 | D:2      | Reached skill level 1 in Short Blades
  1075 | D:2      | Reached skill level 1 in Long Blades
  1075 | D:2      | Reached skill level 1 in Axes
  1075 | D:2      | Reached skill level 1 in Maces & Flails
  1075 | D:2      | Reached skill level 1 in Staves
  1075 | D:2      | Reached skill level 1 in Slings
  1075 | D:2      | Reached skill level 1 in Bows
  1075 | D:2      | Reached skill level 1 in Crossbows
  1075 | D:2      | Reached skill level 1 in Throwing
  1075 | D:2      | Reached skill level 1 in Stealth
  1075 | D:2      | Reached skill level 1 in Shields
  1075 | D:2      | Reached skill level 1 in Unarmed Combat
  1075 | D:2      | Reached skill level 1 in Evocations
  1075 | D:2      | Reached XP level 4. HP: 34/38 MP: 11/11
  1159 | D:2      | Reached skill level 1 in Conjurations
  1159 | D:2      | Reached skill level 1 in Hexes
  1159 | D:2      | Reached skill level 1 in Summonings
  1159 | D:2      | Reached skill level 1 in Necromancy
  1159 | D:2      | Reached skill level 1 in Translocations
  1159 | D:2      | Reached skill level 1 in Transmutations
  1159 | D:2      | Reached skill level 1 in Fire Magic
  1159 | D:2      | Reached skill level 1 in Ice Magic
  1159 | D:2      | Reached skill level 1 in Air Magic
  1159 | D:2      | Reached skill level 1 in Earth Magic
  1159 | D:2      | Reached skill level 1 in Poison Magic
  1230 | D:2      | Reached XP level 5. HP: 42/43 MP: 3/12
  1715 | D:3      | HP: 1/43 [wight/+0 mace (5)]
  1718 | D:3      | Succumbed to a wight's poison

Vault maps used:
D:1:      saegor_arrival_simple_c, minmay_box_of_dots
D:2:      wad_river_or_something, nicolae_overflow_crystal_walls,
          nemelex_lonely_heart_becter
D:3:      zin_treasury, minmay_cupped

Skill      XL: |  1  2  3  4  5 |
---------------+----------------+-----
Spellcasting   | 5 |  5.2
Invocations    | 1 |  1.8
Short Blades   | 1 |  1.6
Long Blades    | 1 |  1.6
Axes           | 1 |  1.6
Maces & Flails | 1 |  1.6
Staves         | 1 |  1.6
Slings         | 1 |  1.6
Bows           | 1 |  1.6
Crossbows      | 1 |  1.6
Throwing       | 1 |  1.6
Stealth        | 1 |  1.6
Shields        | 1 |  1.6
Unarmed Combat | 1 |  1.6
Evocations     | 1 |  1.6
Conjurations   | 1 |  1.2
Hexes          | 1 |  1.2
Summonings     | 1 |  1.2
Necromancy     | 1 |  1.2
Translocations | 1 |  1.2
Transmutations | 1 |  1.2
Fire Magic     | 1 |  1.2
Ice Magic      | 1 |  1.2
Air Magic      | 1 |  1.2
Earth Magic    | 1 |  1.2
Poison Magic   | 1 |  1.2
Armour         | 3 |  3.0
Fighting       | |  4.8
Polearms       | |  4.8
Dodging        | |  4.8
Charms         | |  5.5

Action                   |  1- 3 |  4- 6 || total
-------------------------+-------+-------++-------
Melee: Spear             |    98 |    77 ||   175
       Bite              |     7 |     7 ||    14
 Cast: Infusion          |     2 |     1 ||     3
       Spectral Weapon   |       |     7 ||     7
  Use: Scroll            |       |     3 ||     3
 Stab: Sleeping          |     3 |     3 ||     6
       Distracted        |     1 |     1 ||     2
  Eat: Chunk             |     1 |     2 ||     3
Armor: Leather armour    |    14 |    12 ||    26
Dodge: Dodged            |    58 |    26 ||    84

Table legend:
 A = Non-vault XP
 B = Vault XP
 C = Vault XP percentage of total XP
 D = Non-vault monster count
 E = Vault monster count
 F = Vault count percentage of total count
                 A         B        C        D         E       F
            +---------+---------+-------+---------+---------+-------
      Total |     187 |      90 |  32.5 |      50 |      12 |  19.4
            +---------+---------+-------+---------+---------+-------
        D:1 |      38 |       4 |   9.5 |      21 |       2 |   8.7
        D:2 |      63 |      86 |  57.7 |      21 |      10 |  32.3
        D:3 |      86 |       0 |   0.0 |       8 |       0 |   0.0
            +---------+---------+-------+---------+---------+-------
